 Dungeon Crawl Stone Soup version 0.26-a0-846-gcc8f1ee719 (webtiles) character file.

Game seed: 4110430386407167680

104 xavoerz the Skirmisher (level 4, 0/41 HPs)
             Began as a Minotaur Berserker on Nov 19, 2020.
             Was a Follower of Trog.
             Slain by an orc warrior
             ... wielding a +0 mace
              (14 damage)
             ... on level 3 of the Dungeon.
             The game lasted 00:03:56 (1376 turns).

xavoerz the Skirmisher (Minotaur Berserker)         Turns: 1376, Time: 00:03:57

Health: 0/41       AC:  2    Str: 21 (22) XL:     4   Next: 52%
Magic:  3/3        EV: 12    Int:  3 (4)  God:    Trog [*.....]
Gold:   25         SH:  0    Dex:  7 (10) Spells: 3/3 levels left

rFire    . . .     SeeInvis .   a - +0 hand axe
rCold    . . .     Faith    .   (no shield)
rNeg     . . .     Spirit   .   b - +0 animal skin
rPois    .         Reflect  .   (helmet restricted)
rElec    .         Harm     .   (no cloak)
rCorr    .         Rampage  .   (no gloves)
MR       .....                  (no boots)
Stlth    +.........             (no amulet)
HPRegen  0.13/turn              (no ring)
MPRegen  0.08/turn              (no ring)

@: no status effects
A: retaliatory headbutt, horns 2
a: Berserk, Renounce Religion


You were on level 3 of the Dungeon.
You worshipped Trog.
Trog was aware of your devotion.
You visited 1 branch of the dungeon, and saw 3 of its levels.

You collected 25 gold pieces.

Inventory:

Hand Weapons
 a - a +0 hand axe (weapon)
 c - a +0 hand axe
Armour
 b - a +0 animal skin (worn)
Scrolls
 d - a scroll of random uselessness {unknown}
 e - a scroll of magic mapping {unknown}


   Skills:
 + Level 4.9 Fighting
 + Level 4.8 Axes
 + Level 2.8 Armour
 + Level 2.9 Dodging


You had 3 spell levels left.
You didn't know any spells.
Your spell library was empty.

Dungeon Overview and Level Annotations

Branches:
Dungeon (3/15)

Altars:
Vehumet


Innate Abilities, Weirdness & Mutations

You reflexively headbutt those who attack you in melee.
You have a pair of horns on your head.


Message History

You are too injured to fight recklessly!
You are too injured to fight recklessly!
You are too injured to fight recklessly!
You are too injured to fight recklessly!
You are too injured to fight recklessly!
You hit the orc.
You kill the orc!
Trog accepts your kill.
You hit the orc.
You hit the orc warrior but do no damage.
The orc wizard casts a spell.
The orc wizard blinks!
The orc hits you with a +0 dagger.
Unknown command.
Unknown command.
You hit the orc.
You kill the orc!
Trog accepts your kill.
You hit the orc warrior.
The orc warrior hits you with a +0 mace!
You die...

... .?.. ..... .
..... ...
.....##########.....
.......$...)@.......
...........o).......
...............####.
#########......o.$.#
....#####..........#
........(..........#
.................###
.........#######.#
#.... ######...#
##..##....


You could see an orc warrior and an orc wizard (fast).

Vanquished Creatures
  Ijyb (D:3)
  Natasha (twice) (D:2)
  2 adders (D:3)
  3 orcs (D:3)
  A bat (D:3)
  A giant cockroach (D:2)
  4 goblins
  A kobold (D:3)
  A rat (D:3)
16 creatures vanquished.

Notes
Turn   | Place    | Note
-------+----------+-------------------------------------------
     0 | D:1      | xavoerz the Minotaur Berserker began the quest for the Orb.
     0 | D:1      | Reached XP level 1. HP: 19/19 MP: 0/0
    42 | D:2      | Noticed Natasha
    43 | D:2      | Noticed a crimson imp
    45 | D:2      | Noticed a crimson imp
    51 | D:2      | Killed Natasha
    52 | D:2      | Reached XP level 2. HP: 12/27 MP: 1/1
    61 | D:2      | Noticed Natasha
    73 | D:2      | Killed Natasha
    74 | D:2      | Reached XP level 3. HP: 5/34 MP: 2/2
   677 | D:3      | Reached XP level 4. HP: 26/41 MP: 3/3
  1143 | D:3      | Noticed Ijyb
  1159 | D:3      | Found a radiant altar of Vehumet.
  1197 | D:3      | Killed Ijyb
  1359 | D:3      | Noticed an orc warrior
  1376 | D:3      | Slain by an orc warrior

Illustrated notes

Levels and vault maps discovered:
D:1:      minmay_arrival_open_corners, layout_loops_ring, st_stairs_2
D:2:      layout_loops_corners, marbit_many_paths, lemuel_blue_sif_altar,
          nrook_uturn, uniq_natasha
D:3:      layout_basic, old_standard_altar, chequers_ecumenical_altar_lobes,
          uniq_ijyb

Skill      XL: |  1 |
---------------+----+-----
Fighting       | 4 |  4.9
Axes           | 4 |  4.8
Armour         | |  2.8
Dodging        | |  2.9

Action                   |  1- 3 |  4- 6 || total
-------------------------+-------+-------++-------
Melee: Hand axe          |    23 |    20 ||    43
       Headbutt          |     2 |     3 ||     5
  Use: Potion            |     2 |       ||     2
Armor: Animal skin       |     2 |     4 ||     6
Dodge: Dodged            |    21 |    17 ||    38

Table legend: (Time is in decaauts)
 A = Elapsed time spent in this place.
 B = Non-inter-level travel time spent in this place.
 C = Inter-level travel time spent in this place.
 D = Time resting spent in this place.
 E = Time spent auto-exploring this place.
 F = Levels seen in this place.
 G = Mean time per level.
                   A        B        C        D        E       F      G
               +--------+--------+--------+--------+--------+-----+--------+
         Total |   1378 |   1378 |      0 |    914 |      0 |   3 |  459.3 |
       Dungeon |   1378 |   1378 |      0 |    914 |      0 |   3 |  459.3 |
               +--------+--------+--------+--------+--------+-----+--------+

Top non-repeatable levels by time:
     D:3: 921 daAuts
     D:2: 418 daAuts
     D:1: 39 daAuts
